Monarchs vs Atomiques
Created - 28 mars 2014 at 21:37
Goals
|
| Monarchs |
0 |
2 |
0 |
2 |
| Atomiques |
0 |
4 |
4 |
8 |
|
Shots
|
| Monarchs |
2 |
22 |
10 |
34 |
| Atomiques |
4 |
19 |
18 |
41 |
|
1st period
No Goal
Penalties :
No Penalty
2nd period
1. Monarchs , Jeff Tambellini 40 (Jarret Stoll, Colton Orr) at 3:06 (PP)
2. Monarchs , Martin Sonnenberg 36 (Chris Clark, Patrik Berglund) at 8:39
3. Atomiques , Tyler Brenner 17 (Mattias Ohlund, Brad Winchester) at 8:47
4. Atomiques , Alexandre Daigle 48 (Janne Niinimaa, Brad Winchester) at 9:40 (PP)
5. Atomiques , Drew Larman 7 (Janne Niinimaa, Mattias Ohlund) at 15:25
6. Atomiques , Tyler Brenner 18 (Scott Jackson, Brad Winchester) at 18:46
Penalties :
Brett Sutter (STB) for Hooking (Minor) at 2:18, Slava Voynov (MAN) for High sticking (Minor) at 6:01, Jeff Tambellini (MAN) for Hooking (Minor) at 9:23, Kenndal McArdle (STB) for Slashing (Minor) at 19:33
3rd period
7. Atomiques , Janne Niinimaa 4 (John Zeiler, Kenndal McArdle) at 3:05
8. Atomiques , Brad Winchester 29 (Alexandre Daigle, Tyler Brenner) at 10:05 (PP)
9. Atomiques , Andrew Kozek 6 (Nick Johnson, Drew Larman) at 14:16
10. Atomiques , Ryan Shannon 24 (Mattias Ohlund, Andrew Raycroft) at 18:34
Penalties :
Luke Schenn (STB) for Interference (Minor) at 4:22, Jonathan Matsumoto (MAN) for Tripping (Minor) at 9:53, Alexandre Daigle (STB) for Interference (Minor) at 19:34
Goalie Stats
Tyler Beskorowany (MAN), 33 saves from 41 shots - (0,805), L, 2-6-1, 60:00 minutes
Andrew Raycroft (STB), 32 saves from 34 shots - (0,941), W, 15-16-7, 60:00 minutes
Players Stats for Monarchs
Player Name G A P +/- PIM S H SB GA TA FO MP PP MP PK MP
------------------------------------------------------------------------------------
Alec Martinez 0 0 0 -2 0 0 2 1 0 0 0/0 14:29 1:26 0:57
Anthony Peluso 0 0 0 -1 0 0 2 0 0 0 0/0 7:12 0:16 0:00
Bryan Bickell 0 0 0 -2 0 2 1 0 1 0 0/1 12:04 0:00 0:34
Carl Hagelin 0 0 0 -1 0 1 0 0 0 0 0/0 6:56 0:00 0:00
Chris Clark 0 1 1 -1 0 4 3 0 1 1 2/3 23:19 2:40 1:30
Colby Robak 0 0 0 -2 0 1 0 1 0 0 0/0 11:12 0:00 0:00
Colton Orr 0 1 1 -1 0 0 6 0 0 0 2/2 16:29 2:15 0:00
Daniel Tjarnqvist 0 0 0 -1 0 2 0 0 0 0 0/0 16:22 0:00 1:31
Jarret Stoll 0 1 1 -1 0 5 1 1 2 0 6/12 17:01 2:15 0:30
Jeff Tambellini 1 0 1 -1 2 1 0 0 2 0 0/0 16:56 2:15 0:24
Jonathan Matsumoto 0 0 0 -2 2 1 3 0 0 1 3/5 11:45 0:16 0:00
Kevin Klein 0 0 0 -2 0 2 1 1 0 3 0/0 28:54 3:45 0:57
Martin Sonnenberg 1 0 1 -1 0 7 2 1 1 0 1/1 22:20 2:40 0:31
Mike Duco 0 0 0 0 0 0 0 0 0 0 0/0 1:44 0:00 0:00
Patrice Cormier 0 0 0 -1 0 0 0 0 0 0 3/7 9:00 0:16 1:27
Patrik Berglund 0 1 1 -1 0 3 2 0 0 0 13/32 21:49 2:40 0:00
Slava Voynov 0 0 0 -1 2 3 0 0 1 0 0/0 17:58 3:45 0:00
Tommy Wingels 0 0 0 -2 0 0 0 0 0 0 0/0 11:26 0:00 0:00
Travis Hamonic 0 0 0 -2 0 2 1 0 0 4 0/0 27:29 1:26 1:31
Players Stats for Atomiques
Player Name G A P +/- PIM S H SB GA TA FO MP PP MP PK MP
------------------------------------------------------------------------------------
Alexandre Daigle 1 1 2 2 2 3 2 0 2 1 4/8 22:46 1:33 3:00
Andrew Kozek 1 0 1 2 0 2 2 0 0 0 0/0 9:14 0:00 0:51
Brad Winchester 1 3 4 2 0 6 2 1 1 1 3/3 23:25 1:33 3:19
Brett Sutter 0 0 0 1 2 0 3 0 0 0 1/2 11:54 0:00 0:28
Drew Larman 1 1 2 2 0 1 1 0 0 1 1/2 7:44 0:00 0:00
Janne Niinimaa 1 2 3 4 0 4 1 1 2 0 0/0 27:37 1:32 3:22
John Zeiler 0 1 1 1 0 2 0 0 0 1 1/1 11:24 0:00 0:00
Kenndal McArdle 0 1 1 1 2 0 1 0 1 0 0/2 12:04 0:00 0:42
Linus Omark 0 0 0 0 0 4 1 0 1 1 0/0 16:32 0:55 1:01
Luke Schenn 0 0 0 3 2 1 1 2 0 0 0/0 23:18 0:56 1:10
Marc-André Cliche 0 0 0 0 0 0 3 0 0 0 7/17 15:35 0:55 0:00
Mattias Ohlund 0 3 3 2 0 3 2 2 0 0 0/0 29:11 1:32 3:04
Nick Johnson 0 1 1 2 0 3 0 0 0 0 1/1 7:39 0:00 0:00
Roman Polak 0 0 0 -1 0 1 1 0 2 0 0/0 11:06 0:00 0:26
Ryan MacMurchy 0 0 0 0 0 0 1 0 0 1 0/1 2:01 0:00 0:00
Ryan Shannon 1 0 1 0 0 5 4 1 0 0 0/0 16:34 0:55 1:01
Scott Jackson 0 1 1 2 0 2 0 3 0 1 0/0 21:21 0:56 2:20
Tyler Brenner 2 1 3 2 0 4 0 0 0 1 15/26 19:47 1:33 0:00
3 Stars
1 - Brad Winchester (STB)
2 - Janne Niinimaa (STB)
3 - Tyler Brenner (STB)
Power Play
Monarchs - 1 on 4 Attempt(s) - 25,00%
Atomiques - 2 on 3 Attempt(s) - 66,67%
Penalty Kill
Monarchs - 1 on 3 Attempt(s) - 33,33%
- Score 0 goal in Penalty Kill
Atomiques - 3 on 4 Attempt(s) - 75,00%
- Score 0 goal in Penalty Kill
Official
Referees : Devorski Paul and Charron Francis
Linesman : Andy McElman and Steve Miller
Game Notes
No Game Note
Finance
Level 1 -- Attendance: 1358 (67,90%) -- Ticket Income 47 530 $
Level 2 -- Attendance: 673 (67,30%) -- Ticket Income 10 095 $
Total Attendance: 2031 (67,70%)
Total Ticket Income: 57 625 $
Other Income: 2 881 $
Total Income: 60 506 $
Monarchs
5 vs 5 Forward
Center Left Wing Right Wing Time % Phy DF OF
1 Patrik Berglund Martin Sonnenberg Chris Clark 45 1 2 2
2 Jarret Stoll Jeff Tambellini Colton Orr 30 1 2 2
3 Jonathan Matsumoto Bryan Bickell Tommy Wingels 20 1 2 2
4 Patrice Cormier Carl Hagelin Anthony Peluso 5 1 2 2
5 vs 5 Defense
Defense Defense Time % Phy DF OF
1 Travis Hamonic Kevin Klein 40 1 2 2
2 Daniel Tjarnqvist Slava Voynov 30 1 2 2
3 Alec Martinez Colby Robak 20 1 2 2
4 Travis Hamonic Kevin Klein 10 1 2 2
PowerPlay Forward
Center Left Wing Right Wing Time % Phy DF OF
1 Patrik Berglund Martin Sonnenberg Chris Clark 60 1 2 2
2 Jarret Stoll Jeff Tambellini Colton Orr 40 1 2 2
PowerPlay Defense
Defense Defense Time % Phy DF OF
1 Kevin Klein Slava Voynov 60 1 2 2
2 Alec Martinez Travis Hamonic 40 1 2 2
Penalty Kill 4 Players Forward
Center Wing Time % Phy DF OF
1 Patrice Cormier Chris Clark 60 1 2 2
2 Jarret Stoll Jeff Tambellini 40 1 2 2
Penalty Kill 4 Players Defense
Defense Defense Time % Phy DF OF
1 Daniel Tjarnqvist Travis Hamonic 60 1 2 2
2 Alec Martinez Kevin Klein 40 1 2 2
Penalty Kill - 3 Players Forward
Forward Time % Phy DF OF
1 Jarret Stoll 60 1 2 2
2 Patrice Cormier 40 1 2 2
Penalty Kill - 3 Players Defense
Defense Defense Time % Phy DF OF
1 Daniel Tjarnqvist Kevin Klein 60 1 2 2
2 Alec Martinez Travis Hamonic 40 1 2 2
4 vs 4 Forward
Center Wing Time % Phy DF OF
1 Patrik Berglund Jeff Tambellini 60 1 2 2
2 Jarret Stoll Martin Sonnenberg 40 1 2 2
4 vs 4 Defense
Defense Defense Time % Phy DF OF
1 Travis Hamonic Kevin Klein 60 1 2 2
2 Slava Voynov Daniel Tjarnqvist 40 1 2 2
Last Minutes Offensive
Center Left Wing Right Wing Defense Defense
Patrik Berglund Martin Sonnenberg Chris Clark Kevin Klein Slava Voynov
Last Minutes Defensive
Center Left Wing Right Wing Defense Defense
Jarret Stoll Martin Sonnenberg Chris Clark Daniel Tjarnqvist Kevin Klein
Goaltenders
Starting : Tyler Beskorowany
Backup : Richard Bachman
Extra Forwards
Normal : Patrik Berglund, Jarret Stoll, Bryan Bickell - PP : Jonathan Matsumoto, Patrice Cormier - PK : Martin Sonnenberg
Extra Defensemen
Normal : Kevin Klein, Alec Martinez, Slava Voynov - PP : Alec Martinez - PK : Alec Martinez, Slava Voynov
Penalty Shots
Martin Sonnenberg, Jarret Stoll, Jeff Tambellini, Jonathan Matsumoto, Patrik Berglund
Atomiques
5 vs 5 Forward
Center Left Wing Right Wing Time % Phy DF OF
1 Tyler Brenner Brad Winchester Alexandre Daigle 40 1 2 2
2 Marc-André Cliche Linus Omark Ryan Shannon 30 1 2 2
3 Brett Sutter Kenndal McArdle John Zeiler 20 1 2 2
4 Drew Larman Andrew Kozek Nick Johnson 10 1 2 2
5 vs 5 Defense
Defense Defense Time % Phy DF OF
1 Mattias Ohlund Janne Niinimaa 40 1 2 2
2 Luke Schenn Scott Jackson 30 1 2 2
3 Roman Polak Mattias Ohlund 20 1 2 2
4 Janne Niinimaa Luke Schenn 10 1 2 2
PowerPlay Forward
Center Left Wing Right Wing Time % Phy DF OF
1 Tyler Brenner Brad Winchester Alexandre Daigle 60 1 2 2
2 Marc-André Cliche Linus Omark Ryan Shannon 40 1 2 2
PowerPlay Defense
Defense Defense Time % Phy DF OF
1 Mattias Ohlund Janne Niinimaa 60 1 2 2
2 Luke Schenn Scott Jackson 40 1 2 2
Penalty Kill 4 Players Forward
Center Wing Time % Phy DF OF
1 Alexandre Daigle Brad Winchester 60 1 2 2
2 Ryan Shannon Linus Omark 40 1 2 2
Penalty Kill 4 Players Defense
Defense Defense Time % Phy DF OF
1 Mattias Ohlund Janne Niinimaa 60 1 2 2
2 Luke Schenn Scott Jackson 40 1 2 2
Penalty Kill - 3 Players Forward
Forward Time % Phy DF OF
1 Alexandre Daigle 60 1 2 2
2 Brad Winchester 40 1 2 2
Penalty Kill - 3 Players Defense
Defense Defense Time % Phy DF OF
1 Mattias Ohlund Janne Niinimaa 60 1 2 2
2 Luke Schenn Scott Jackson 40 1 2 2
4 vs 4 Forward
Center Wing Time % Phy DF OF
1 Alexandre Daigle Brad Winchester 60 1 2 2
2 Ryan Shannon Linus Omark 40 1 2 2
4 vs 4 Defense
Defense Defense Time % Phy DF OF
1 Mattias Ohlund Janne Niinimaa 60 1 2 2
2 Luke Schenn Scott Jackson 40 1 2 2
Last Minutes Offensive
Center Left Wing Right Wing Defense Defense
Tyler Brenner Brad Winchester Alexandre Daigle Mattias Ohlund Janne Niinimaa
Last Minutes Defensive
Center Left Wing Right Wing Defense Defense
Tyler Brenner Brad Winchester Alexandre Daigle Mattias Ohlund Janne Niinimaa
Goaltenders
Starting : Andrew Raycroft
Backup : Mark Dekanich
Extra Forwards
Normal : John Zeiler, Nick Johnson, Kenndal McArdle - PP : John Zeiler, Nick Johnson - PK : Kenndal McArdle
Extra Defensemen
Normal : Roman Polak, Scott Jackson, Mattias Ohlund - PP : Roman Polak - PK : Scott Jackson, Mattias Ohlund
Penalty Shots
Alexandre Daigle, Brad Winchester, Ryan Shannon, Linus Omark, John Zeiler
% Time on Ice - Monarchs
Lines # - Real PCT - Wanted PCT - Time Play
Normal Forward
1 - 37% - 45% - 19:15
2 - 28% - 30% - 14:46
3 - 22% - 20% - 11:19
4 - 13% - 5% - 7:01
Normal Defense
1 - 40% - 40% - 20:49
2 - 31% - 30% - 16:15
3 - 23% - 20% - 11:47
4 - 7% - 10% - 3:30
PP Forward
1 - 57% - 60% - 2:56
2 - 43% - 40% - 2:15
PP Defense
1 - 72% - 60% - 3:45
2 - 28% - 40% - 1:26
PK Forward
1 - 84% - 60% - 2:04
2 - 16% - 40% - 0:24
PK Defense
1 - 61% - 60% - 1:31
2 - 39% - 40% - 0:57
PK3 Forward
1 - 0% - 60%
2 - 0% - 40%
PK3 Defense
1 - 0% - 60%
2 - 0% - 40%
44 Forward
1 - 0% - 60%
2 - 0% - 40%
44 Defense
1 - 0% - 60%
2 - 0% - 40%
Last Minute Offensive - 0:00
Last Minute Defensive - 0:00
Total
Forward - 60:00
Defense - 60:00
|
% Time on Ice - Atomiques
Lines # - Real PCT - Wanted PCT - Time Play
Normal Forward
1 - 35% - 40% - 18:18
2 - 30% - 30% - 15:50
3 - 21% - 20% - 11:01
4 - 14% - 10% - 7:12
Normal Defense
1 - 34% - 40% - 18:01
2 - 37% - 30% - 19:17
3 - 18% - 20% - 9:15
4 - 11% - 10% - 5:48
PP Forward
1 - 63% - 60% - 1:33
2 - 37% - 40% - 0:55
PP Defense
1 - 62% - 60% - 1:32
2 - 38% - 40% - 0:56
PK Forward
1 - 80% - 60% - 4:10
2 - 20% - 40% - 1:01
PK Defense
1 - 47% - 60% - 2:25
2 - 53% - 40% - 2:46
PK3 Forward
1 - 0% - 60%
2 - 0% - 40%
PK3 Defense
1 - 0% - 60%
2 - 0% - 40%
44 Forward
1 - 0% - 60%
2 - 0% - 40%
44 Defense
1 - 0% - 60%
2 - 0% - 40%
Last Minute Offensive - 0:00
Last Minute Defensive - 0:00
Total
Forward - 60:00
Defense - 60:00
|
Play by Play
1st period
0:01 of 1st period - Chris Clark wins face-off versus Tyler Brenner in neutral zone.
0:20 of 1st period - Martin Sonnenberg is hit by Brad Winchester and loses puck.
2:20 of 1st period - Janne Niinimaa is hit by Martin Sonnenberg and loses puck.
2:46 of 1st period - Snap shot by Brad Winchester.
2:46 of 1st period - Deflect By Tyler Brenner.
2:46 of 1st period - Stopped by Tyler Beskorowany with a rebound.
3:02 of 1st period - Snap shot by Martin Sonnenberg.
3:02 of 1st period - Shot Blocked by Mattias Ohlund.
3:44 of 1st period - Wrist shot by Alexandre Daigle.
3:44 of 1st period - Shot Misses the Net.
4:00 of 1st period - Snap shot by Brad Winchester.
4:00 of 1st period - Stopped by Tyler Beskorowany with a rebound.
4:30 of 1st period - Snap shot by Patrik Berglund.
4:30 of 1st period - Deflect By Mattias Ohlund.
4:30 of 1st period - Stopped by Andrew Raycroft without a rebound.
4:31 of 1st period - Marc-André Cliche wins face-off versus Jarret Stoll in Atomiques zone.
4:36 of 1st period - Jarret Stoll is hit by Marc-André Cliche and loses puck.
4:45 of 1st period - Backhand shot by Linus Omark.
4:45 of 1st period - Shot Misses the Net.
5:05 of 1st period - Slapshot by Kenndal McArdle.
5:05 of 1st period - Shot Misses the Net.
5:56 of 1st period - Snap shot by John Zeiler.
5:56 of 1st period - Shot Blocked by Alec Martinez.
7:45 of 1st period - Daniel Tjarnqvist is hit by Roman Polak and loses puck.
9:26 of 1st period - Linus Omark is hit by Jarret Stoll.
10:06 of 1st period - Daniel Tjarnqvist is hit by Ryan MacMurchy and loses puck.
10:41 of 1st period - Ryan Shannon is hit by Colton Orr and loses puck.
11:48 of 1st period - Jonathan Matsumoto is hit by Kenndal McArdle and loses puck.
12:22 of 1st period - Icing by Patrice Cormier.
12:23 of 1st period - Patrice Cormier wins face-off versus Ryan MacMurchy in Monarchs zone.
13:31 of 1st period - Kevin Klein is hit by Andrew Kozek and loses puck.
14:58 of 1st period - Tyler Brenner is hit by Jonathan Matsumoto and loses puck.
16:07 of 1st period - Anthony Peluso is hit by Andrew Kozek and loses puck.
16:54 of 1st period - Chris Clark is hit by Drew Larman and loses puck.
17:36 of 1st period - Roman Polak is hit by Anthony Peluso and loses puck.
17:56 of 1st period - Nick Johnson is hit by Jonathan Matsumoto and loses puck.
18:16 of 1st period - Icing by Luke Schenn.
18:17 of 1st period - Tyler Brenner wins face-off versus Patrice Cormier in Atomiques zone.
18:44 of 1st period - Wrist shot by Martin Sonnenberg.
18:44 of 1st period - Shot Misses the Net.
18:46 of 1st period - Slapshot by Slava Voynov.
18:46 of 1st period - Stopped by Andrew Raycroft without a rebound.
18:47 of 1st period - John Zeiler wins face-off versus Jarret Stoll in Atomiques zone.
19:00 of 1st period - Snap shot by John Zeiler.
19:00 of 1st period - Shot Misses the Net.
19:02 of 1st period - Slapshot by Roman Polak.
19:02 of 1st period - Stopped by Tyler Beskorowany with a rebound.
19:12 of 1st period - Roman Polak is hit by Travis Hamonic and loses puck.
19:30 of 1st period - Icing by Tyler Brenner.
19:31 of 1st period - Tyler Brenner wins face-off versus Jonathan Matsumoto in Atomiques zone.
19:42 of 1st period - Snap shot by Linus Omark.
19:42 of 1st period - Stopped by Tyler Beskorowany with a rebound.
19:44 of 1st period - Slapshot by Roman Polak.
19:44 of 1st period - Shot Misses the Net.
19:56 of 1st period - Luke Schenn is hit by Martin Sonnenberg and loses puck.
Goals for this period are 0 for Monarchs vs 0 for Atomiques.
Shots for this period are 2 for Monarchs vs 4 for Atomiques.
2nd period
0:01 of 2nd period - Patrik Berglund wins face-off versus Alexandre Daigle in neutral zone.
0:04 of 2nd period - Snap shot by Chris Clark.
0:04 of 2nd period - Stopped by Andrew Raycroft with a rebound.
0:06 of 2nd period - Snap shot by Martin Sonnenberg.
0:06 of 2nd period - Shot Misses the Net.
0:08 of 2nd period - Wrist shot by Martin Sonnenberg.
0:08 of 2nd period - Stopped by Andrew Raycroft without a rebound.
0:09 of 2nd period - Brad Winchester wins face-off versus Patrik Berglund in Atomiques zone.
0:22 of 2nd period - Wrist shot by Chris Clark.
0:22 of 2nd period - Stopped by Andrew Raycroft with a rebound.
0:24 of 2nd period - Slapshot by Kevin Klein.
0:24 of 2nd period - Deflect By Martin Sonnenberg.
0:24 of 2nd period - Stopped by Andrew Raycroft without a rebound.
0:25 of 2nd period - Jarret Stoll wins face-off versus Marc-André Cliche in Atomiques zone.
0:38 of 2nd period - Wrist shot by Linus Omark.
0:38 of 2nd period - Stopped by Tyler Beskorowany with a rebound.
0:50 of 2nd period - Kevin Klein is hit by Alexandre Daigle and loses puck.
1:13 of 2nd period - Slapshot by Jonathan Matsumoto.
1:13 of 2nd period - Shot Misses the Net.
1:15 of 2nd period - Snap shot by Travis Hamonic.
1:15 of 2nd period - Stopped by Andrew Raycroft without a rebound.
1:16 of 2nd period - Jonathan Matsumoto wins face-off versus Marc-André Cliche in Atomiques zone.
1:22 of 2nd period - Off-side.
1:23 of 2nd period - Marc-André Cliche wins face-off versus Patrik Berglund in neutral zone.
1:46 of 2nd period - Icing by Scott Jackson.
1:47 of 2nd period - Jarret Stoll wins face-off versus Marc-André Cliche in Atomiques zone.
1:56 of 2nd period - Wrist shot by Jarret Stoll.
1:56 of 2nd period - Stopped by Andrew Raycroft with a rebound.
1:58 of 2nd period - Wrist shot by Jarret Stoll.
1:58 of 2nd period - Stopped by Andrew Raycroft without a rebound.
1:59 of 2nd period - Tyler Brenner wins face-off versus Patrik Berglund in Atomiques zone.
2:14 of 2nd period - Snap shot by Patrik Berglund.
2:14 of 2nd period - Stopped by Andrew Raycroft without a rebound.
2:15 of 2nd period - Jarret Stoll wins face-off versus Kenndal McArdle in Atomiques zone.
2:16 of 2nd period - Wrist shot by Jeff Tambellini.
2:16 of 2nd period - Shot Misses the Net.
2:18 of 2nd period - Minor Penalty to Brett Sutter for Hooking.
2:19 of 2nd period - Alexandre Daigle wins face-off versus Patrik Berglund in Atomiques zone.
2:19 of 2nd period - Alexandre Daigle is hit by Patrik Berglund.
2:30 of 2nd period - Off-side.
2:31 of 2nd period - Alexandre Daigle wins face-off versus Patrik Berglund in neutral zone.
3:06 of 2nd period - Backhand shot by Jeff Tambellini.
3:06 of 2nd period - Goal by Jeff Tambellini - Monarchs : 1 - Atomiques : 0.
3:07 of 2nd period - Brett Sutter wins face-off versus Patrik Berglund in neutral zone.
3:18 of 2nd period - Mattias Ohlund is hit by Chris Clark and loses puck.
3:39 of 2nd period - Snap shot by Alexandre Daigle.
3:39 of 2nd period - Shot Misses the Net.
3:55 of 2nd period - Snap shot by Andrew Kozek.
3:55 of 2nd period - Stopped by Tyler Beskorowany without a rebound.
3:56 of 2nd period - Drew Larman wins face-off versus Patrik Berglund in Monarchs zone.
4:01 of 2nd period - Snap shot by Nick Johnson.
4:01 of 2nd period - Stopped by Tyler Beskorowany without a rebound.
4:02 of 2nd period - Nick Johnson wins face-off versus Patrik Berglund in Monarchs zone.
4:12 of 2nd period - Off-side.
4:13 of 2nd period - Tyler Brenner wins face-off versus Patrik Berglund in neutral zone.
4:27 of 2nd period - Slapshot by Brad Winchester.
4:27 of 2nd period - Stopped by Tyler Beskorowany without a rebound.
4:28 of 2nd period - Marc-André Cliche wins face-off versus Jarret Stoll in Monarchs zone.
4:31 of 2nd period - Slapshot by Linus Omark.
4:31 of 2nd period - Deflect By Ryan Shannon.
4:31 of 2nd period - Shot Blocked by Jarret Stoll.
4:31 of 2nd period - Puck is out of play.
4:32 of 2nd period - Jarret Stoll wins face-off versus Marc-André Cliche in Monarchs zone.
4:37 of 2nd period - Snap shot by Ryan Shannon.
4:37 of 2nd period - Stopped by Tyler Beskorowany with a rebound.
4:45 of 2nd period - Slapshot by Mattias Ohlund.
4:45 of 2nd period - Stopped by Tyler Beskorowany without a rebound.
4:46 of 2nd period - Tyler Brenner wins face-off versus Chris Clark in Monarchs zone.
5:13 of 2nd period - Travis Hamonic is hit by Brett Sutter and loses puck.
5:22 of 2nd period - Slapshot by John Zeiler.
5:22 of 2nd period - Stopped by Tyler Beskorowany without a rebound.
5:23 of 2nd period - Patrik Berglund wins face-off versus Marc-André Cliche in Monarchs zone.
5:23 of 2nd period - Patrik Berglund is hit by Ryan Shannon.
6:01 of 2nd period - Minor Penalty to Slava Voynov for High sticking.
6:02 of 2nd period - Patrice Cormier wins face-off versus Tyler Brenner in Monarchs zone.
6:10 of 2nd period - Wrist shot by Daniel Tjarnqvist.
6:10 of 2nd period - Stopped by Andrew Raycroft with a rebound.
7:37 of 2nd period - Brad Winchester is hit by Alec Martinez and loses puck.
7:44 of 2nd period - Brad Winchester is hit by Alec Martinez and loses puck.
8:01 of 2nd period - Penalty to Slava Voynov is over, Slava Voynov is back on ice.
8:09 of 2nd period - Snap shot by Jarret Stoll.
8:09 of 2nd period - Stopped by Andrew Raycroft with a rebound.
8:11 of 2nd period - Snap shot by Jeff Tambellini.
8:11 of 2nd period - Shot Misses the Net.
8:13 of 2nd period - Snap shot by Travis Hamonic.
8:13 of 2nd period - Stopped by Andrew Raycroft with a rebound.
8:23 of 2nd period - Snap shot by Jonathan Matsumoto.
8:23 of 2nd period - Deflect By Bryan Bickell.
8:23 of 2nd period - Stopped by Andrew Raycroft with a rebound.
8:25 of 2nd period - Slapshot by Colby Robak.
8:25 of 2nd period - Stopped by Andrew Raycroft without a rebound.
8:26 of 2nd period - Jonathan Matsumoto wins face-off versus Drew Larman in Atomiques zone.
8:27 of 2nd period - Snap shot by Bryan Bickell.
8:27 of 2nd period - Deflect By Drew Larman.
8:27 of 2nd period - Stopped by Andrew Raycroft with a rebound.
8:29 of 2nd period - Snap shot by Jonathan Matsumoto.
8:29 of 2nd period - Deflect By Tommy Wingels.
8:29 of 2nd period - Shot Blocked by Mattias Ohlund.
8:29 of 2nd period - Puck is out of play.
8:30 of 2nd period - Patrik Berglund wins face-off versus Brett Sutter in Atomiques zone.
8:39 of 2nd period - Snap shot by Martin Sonnenberg.
8:39 of 2nd period - Goal by Martin Sonnenberg - Monarchs : 2 - Atomiques : 0.
8:40 of 2nd period - Brad Winchester wins face-off versus Patrik Berglund in neutral zone.
8:45 of 2nd period - Backhand shot by Mattias Ohlund.
8:45 of 2nd period - Shot Misses the Net.
8:47 of 2nd period - Snap shot by Tyler Brenner.
8:47 of 2nd period - Goal by Tyler Brenner - Monarchs : 2 - Atomiques : 1.
8:48 of 2nd period - Patrik Berglund wins face-off versus Tyler Brenner in neutral zone.
9:13 of 2nd period - Mattias Ohlund is hit by Colton Orr and loses puck.
9:23 of 2nd period - Minor Penalty to Jeff Tambellini for Hooking.
9:24 of 2nd period - Tyler Brenner wins face-off versus Patrice Cormier in Monarchs zone.
9:26 of 2nd period - Wrist shot by Brad Winchester.
9:26 of 2nd period - Stopped by Tyler Beskorowany with a rebound.
9:28 of 2nd period - Slapshot by Janne Niinimaa.
9:28 of 2nd period - Shot Misses the Net.
9:34 of 2nd period - Wrist shot by Brad Winchester.
9:34 of 2nd period - Shot Misses the Net.
9:36 of 2nd period - Snap shot by Brad Winchester.
9:36 of 2nd period - Shot Misses the Net.
9:38 of 2nd period - Slapshot by Janne Niinimaa.
9:38 of 2nd period - Stopped by Tyler Beskorowany with a rebound.
9:40 of 2nd period - Wrist shot by Alexandre Daigle.
9:40 of 2nd period - Goal by Alexandre Daigle - Monarchs : 2 - Atomiques : 2.
9:41 of 2nd period - Patrik Berglund wins face-off versus Tyler Brenner in neutral zone.
9:50 of 2nd period - Snap shot by Martin Sonnenberg.
9:50 of 2nd period - Stopped by Andrew Raycroft with a rebound.
10:50 of 2nd period - Slapshot by Daniel Tjarnqvist.
10:50 of 2nd period - Stopped by Andrew Raycroft with a rebound.
10:52 of 2nd period - Backhand shot by Slava Voynov.
10:52 of 2nd period - Stopped by Andrew Raycroft with a rebound.
12:20 of 2nd period - Icing by Jeff Tambellini.
12:21 of 2nd period - Jarret Stoll wins face-off versus Alexandre Daigle in Monarchs zone.
12:30 of 2nd period - Wrist shot by Brad Winchester.
12:30 of 2nd period - Stopped by Tyler Beskorowany with a rebound.
12:32 of 2nd period - Snap shot by Tyler Brenner.
12:32 of 2nd period - Shot Misses the Net.
12:34 of 2nd period - Snap shot by Tyler Brenner.
12:34 of 2nd period - Stopped by Tyler Beskorowany with a rebound.
12:36 of 2nd period - Slapshot by Janne Niinimaa.
12:36 of 2nd period - Stopped by Tyler Beskorowany without a rebound.
12:37 of 2nd period - Patrik Berglund wins face-off versus Marc-André Cliche in Monarchs zone.
12:37 of 2nd period - Patrik Berglund is hit by Ryan Shannon.
12:50 of 2nd period - Mattias Ohlund is hit by Chris Clark and loses puck.
14:05 of 2nd period - Icing by Luke Schenn.
14:06 of 2nd period - Marc-André Cliche wins face-off versus Patrice Cormier in Atomiques zone.
14:13 of 2nd period - Wrist shot by Luke Schenn.
14:13 of 2nd period - Stopped by Tyler Beskorowany with a rebound.
15:21 of 2nd period - Backhand shot by Janne Niinimaa.
15:21 of 2nd period - Shot Blocked by Kevin Klein.
15:23 of 2nd period - Snap shot by Drew Larman.
15:23 of 2nd period - Shot Misses the Net.
15:25 of 2nd period - Slapshot by Drew Larman.
15:25 of 2nd period - Goal by Drew Larman - Monarchs : 2 - Atomiques : 3.
15:26 of 2nd period - Tyler Brenner wins face-off versus Patrik Berglund in neutral zone.
15:51 of 2nd period - Scott Jackson is hit by Colton Orr and loses puck.
16:53 of 2nd period - Mattias Ohlund is hit by Kevin Klein and loses puck.
17:16 of 2nd period - Slapshot by Kevin Klein.
17:16 of 2nd period - Stopped by Andrew Raycroft with a rebound.
17:18 of 2nd period - Slapshot by Travis Hamonic.
17:18 of 2nd period - Shot Blocked by Ryan Shannon.
17:50 of 2nd period - Roman Polak is hit by Chris Clark and loses puck.
17:55 of 2nd period - Wrist shot by Chris Clark.
17:55 of 2nd period - Stopped by Andrew Raycroft without a rebound.
17:56 of 2nd period - Brad Winchester wins face-off versus Patrik Berglund in Atomiques zone.
18:23 of 2nd period - Chris Clark is hit by Luke Schenn and loses puck.
18:28 of 2nd period - Wrist shot by Alexandre Daigle.
18:28 of 2nd period - Shot Misses the Net.
18:42 of 2nd period - Snap shot by Brad Winchester.
18:42 of 2nd period - Shot Blocked by Colby Robak.
18:44 of 2nd period - Slapshot by Scott Jackson.
18:44 of 2nd period - Deflect By Martin Sonnenberg.
18:44 of 2nd period - Stopped by Tyler Beskorowany with a rebound.
18:46 of 2nd period - Backhand shot by Tyler Brenner.
18:46 of 2nd period - Goal by Tyler Brenner - Monarchs : 2 - Atomiques : 4.
18:47 of 2nd period - Marc-André Cliche wins face-off versus Jarret Stoll in neutral zone.
19:23 of 2nd period - Slapshot by Mattias Ohlund.
19:23 of 2nd period - Stopped by Tyler Beskorowany with a rebound.
19:33 of 2nd period - Minor Penalty to Kenndal McArdle for Slashing.
19:34 of 2nd period - Patrik Berglund wins face-off versus Alexandre Daigle in Atomiques zone.
19:45 of 2nd period - Slapshot by Kevin Klein.
19:45 of 2nd period - Deflect By Patrik Berglund.
19:45 of 2nd period - Deflect By Scott Jackson.
19:45 of 2nd period - Stopped by Andrew Raycroft with a rebound.
19:47 of 2nd period - Snap shot by Chris Clark.
19:47 of 2nd period - Shot Blocked by Scott Jackson.
Goals for this period are 2 for Monarchs vs 4 for Atomiques.
Shots for this period are 22 for Monarchs vs 19 for Atomiques.
3rd period
0:01 of 3rd period - Chris Clark wins face-off versus Alexandre Daigle in neutral zone.
0:16 of 3rd period - Wrist shot by Chris Clark.
0:16 of 3rd period - Shot Misses the Net.
0:26 of 3rd period - Jeff Tambellini is hit by Mattias Ohlund and loses puck.
1:33 of 3rd period - Penalty to Kenndal McArdle is over, Kenndal McArdle is back on ice.
1:46 of 3rd period - Wrist shot by Ryan Shannon.
1:46 of 3rd period - Stopped by Tyler Beskorowany without a rebound.
1:47 of 3rd period - Marc-André Cliche wins face-off versus Bryan Bickell in Monarchs zone.
1:56 of 3rd period - Wrist shot by Linus Omark.
1:56 of 3rd period - Stopped by Tyler Beskorowany with a rebound.
2:02 of 3rd period - Colby Robak is hit by Marc-André Cliche and loses puck.
2:13 of 3rd period - Snap shot by Ryan Shannon.
2:13 of 3rd period - Shot Misses the Net.
2:21 of 3rd period - Ryan Shannon is hit by Bryan Bickell and loses puck.
2:26 of 3rd period - Backhand shot by Jonathan Matsumoto.
2:26 of 3rd period - Stopped by Andrew Raycroft without a rebound.
2:27 of 3rd period - Tyler Brenner wins face-off versus Patrik Berglund in Atomiques zone.
2:29 of 3rd period - Icing by Alexandre Daigle.
2:30 of 3rd period - Patrik Berglund wins face-off versus Tyler Brenner in Atomiques zone.
2:31 of 3rd period - Slapshot by Chris Clark.
2:31 of 3rd period - Stopped by Andrew Raycroft with a rebound.
3:03 of 3rd period - Wrist shot by John Zeiler.
3:03 of 3rd period - Shot Misses the Net.
3:05 of 3rd period - Slapshot by Janne Niinimaa.
3:05 of 3rd period - Goal by Janne Niinimaa - Monarchs : 2 - Atomiques : 5.
3:06 of 3rd period - Patrik Berglund wins face-off versus Tyler Brenner in neutral zone.
3:11 of 3rd period - Alexandre Daigle is hit by Patrik Berglund and loses puck.
3:35 of 3rd period - Off-side.
3:36 of 3rd period - Jarret Stoll wins face-off versus Marc-André Cliche in neutral zone.
3:36 of 3rd period - Jarret Stoll is hit by Marc-André Cliche.
3:40 of 3rd period - Scott Jackson is hit by Colton Orr and loses puck.
4:07 of 3rd period - Wrist shot by Jarret Stoll.
4:07 of 3rd period - Shot Misses the Net.
4:09 of 3rd period - Snap shot by Colton Orr.
4:09 of 3rd period - Shot Misses the Net.
4:11 of 3rd period - Slapshot by Daniel Tjarnqvist.
4:11 of 3rd period - Shot Blocked by Luke Schenn.
4:13 of 3rd period - Slapshot by Daniel Tjarnqvist.
4:13 of 3rd period - Shot Misses the Net.
4:22 of 3rd period - Minor Penalty to Luke Schenn for Interference.
4:23 of 3rd period - Alexandre Daigle wins face-off versus Patrik Berglund in Atomiques zone.
5:12 of 3rd period - Travis Hamonic is hit by Linus Omark.
6:02 of 3rd period - Jarret Stoll is hit by Brad Winchester.
6:22 of 3rd period - Penalty to Luke Schenn is over, Luke Schenn is back on ice.
6:34 of 3rd period - Bryan Bickell is hit by Brett Sutter and loses puck.
6:41 of 3rd period - Snap shot by John Zeiler.
6:41 of 3rd period - Shot Misses the Net.
6:51 of 3rd period - Travis Hamonic is hit by Mattias Ohlund and loses puck.
6:58 of 3rd period - Mattias Ohlund is hit by Anthony Peluso and loses puck.
7:11 of 3rd period - Slapshot by Ryan Shannon.
7:11 of 3rd period - Stopped by Tyler Beskorowany without a rebound.
7:12 of 3rd period - Jonathan Matsumoto wins face-off versus Marc-André Cliche in Monarchs zone.
7:29 of 3rd period - Snap shot by Martin Sonnenberg.
7:29 of 3rd period - Stopped by Andrew Raycroft with a rebound.
7:31 of 3rd period - Slapshot by Slava Voynov.
7:31 of 3rd period - Stopped by Andrew Raycroft with a rebound.
7:33 of 3rd period - Slapshot by Daniel Tjarnqvist.
7:33 of 3rd period - Shot Misses the Net.
7:35 of 3rd period - Slapshot by Martin Sonnenberg.
7:35 of 3rd period - Shot Blocked by Luke Schenn.
7:37 of 3rd period - Wrist shot by Martin Sonnenberg.
7:37 of 3rd period - Deflect By Chris Clark.
7:37 of 3rd period - Shot Blocked by Scott Jackson.
7:37 of 3rd period - Puck is out of play.
7:38 of 3rd period - Tyler Brenner wins face-off versus Jarret Stoll in Atomiques zone.
7:38 of 3rd period - Tyler Brenner is hit by Colton Orr.
8:52 of 3rd period - Snap shot by Drew Larman.
8:52 of 3rd period - Shot Misses the Net.
9:29 of 3rd period - Slapshot by Martin Sonnenberg.
9:29 of 3rd period - Stopped by Andrew Raycroft with a rebound.
9:35 of 3rd period - Chris Clark is hit by Ryan Shannon and loses puck.
9:53 of 3rd period - Minor Penalty to Jonathan Matsumoto for Tripping.
9:54 of 3rd period - Tyler Brenner wins face-off versus Patrice Cormier in Monarchs zone.
10:05 of 3rd period - Slapshot by Brad Winchester.
10:05 of 3rd period - Goal by Brad Winchester - Monarchs : 2 - Atomiques : 6.
10:06 of 3rd period - Tyler Brenner wins face-off versus Patrik Berglund in neutral zone.
10:09 of 3rd period - Slapshot by Mattias Ohlund.
10:09 of 3rd period - Deflect By Alexandre Daigle.
10:09 of 3rd period - Stopped by Tyler Beskorowany with a rebound.
10:11 of 3rd period - Snap shot by Tyler Brenner.
10:11 of 3rd period - Shot Hit the Post.
10:13 of 3rd period - Slapshot by Janne Niinimaa.
10:13 of 3rd period - Shot Blocked by Martin Sonnenberg.
10:15 of 3rd period - Snap shot by Mattias Ohlund.
10:15 of 3rd period - Shot Hit the Post.
10:19 of 3rd period - Wrist shot by Alexandre Daigle.
10:19 of 3rd period - Deflect By Brad Winchester.
10:19 of 3rd period - Shot Misses the Net.
10:19 of 3rd period - Puck is out of play.
10:20 of 3rd period - Patrik Berglund wins face-off versus Tyler Brenner in Monarchs zone.
10:27 of 3rd period - Slapshot by Janne Niinimaa.
10:27 of 3rd period - Shot Misses the Net.
10:35 of 3rd period - Slapshot by Kevin Klein.
10:35 of 3rd period - Shot Blocked by Brad Winchester.
10:45 of 3rd period - Janne Niinimaa is hit by Jonathan Matsumoto and loses puck.
11:10 of 3rd period - Slapshot by Brad Winchester.
11:10 of 3rd period - Stopped by Tyler Beskorowany without a rebound.
11:11 of 3rd period - Marc-André Cliche wins face-off versus Patrik Berglund in Monarchs zone.
11:12 of 3rd period - Snap shot by Linus Omark.
11:12 of 3rd period - Stopped by Tyler Beskorowany with a rebound.
11:14 of 3rd period - Wrist shot by Linus Omark.
11:14 of 3rd period - Deflect By Marc-André Cliche.
11:14 of 3rd period - Shot Misses the Net.
11:14 of 3rd period - Puck is out of play.
11:15 of 3rd period - Patrik Berglund wins face-off versus Marc-André Cliche in Monarchs zone.
11:17 of 3rd period - Icing by Martin Sonnenberg.
11:18 of 3rd period - Patrik Berglund wins face-off versus Marc-André Cliche in Monarchs zone.
11:46 of 3rd period - Icing by Kevin Klein.
11:47 of 3rd period - Patrik Berglund wins face-off versus Tyler Brenner in Monarchs zone.
11:47 of 3rd period - Patrik Berglund is hit by Alexandre Daigle.
11:53 of 3rd period - Wrist shot by Alexandre Daigle.
11:53 of 3rd period - Shot Misses the Net.
11:55 of 3rd period - Slapshot by Janne Niinimaa.
11:55 of 3rd period - Stopped by Tyler Beskorowany with a rebound.
11:57 of 3rd period - Snap shot by Tyler Brenner.
11:57 of 3rd period - Shot Misses the Net.
12:17 of 3rd period - Jarret Stoll is hit by Brett Sutter and loses puck.
12:22 of 3rd period - Snap shot by John Zeiler.
12:22 of 3rd period - Stopped by Tyler Beskorowany with a rebound.
13:00 of 3rd period - Snap shot by Ryan Shannon.
13:00 of 3rd period - Stopped by Tyler Beskorowany without a rebound.
13:01 of 3rd period - Patrice Cormier wins face-off versus Tyler Brenner in Monarchs zone.
14:14 of 3rd period - Snap shot by Nick Johnson.
14:14 of 3rd period - Stopped by Tyler Beskorowany with a rebound.
14:16 of 3rd period - Slapshot by Andrew Kozek.
14:16 of 3rd period - Goal by Andrew Kozek - Monarchs : 2 - Atomiques : 7.
14:17 of 3rd period - Tyler Brenner wins face-off versus Patrik Berglund in neutral zone.
14:26 of 3rd period - Slapshot by Alexandre Daigle.
14:26 of 3rd period - Stopped by Tyler Beskorowany with a rebound.
14:28 of 3rd period - Slapshot by Mattias Ohlund.
14:28 of 3rd period - Stopped by Tyler Beskorowany with a rebound.
15:15 of 3rd period - Snap shot by Linus Omark.
15:15 of 3rd period - Deflect By Ryan Shannon.
15:15 of 3rd period - Shot Misses the Net.
15:15 of 3rd period - Puck is out of play.
15:16 of 3rd period - Tyler Brenner wins face-off versus Jonathan Matsumoto in Monarchs zone.
16:11 of 3rd period - Alec Martinez is hit by Ryan Shannon and loses puck.
16:28 of 3rd period - Wrist shot by Nick Johnson.
16:28 of 3rd period - Shot Misses the Net.
16:30 of 3rd period - Snap shot by Nick Johnson.
16:30 of 3rd period - Stopped by Tyler Beskorowany with a rebound.
16:32 of 3rd period - Slapshot by Scott Jackson.
16:32 of 3rd period - Shot Misses the Net.
16:34 of 3rd period - Slapshot by Scott Jackson.
16:34 of 3rd period - Stopped by Tyler Beskorowany with a rebound.
16:53 of 3rd period - Slapshot by Carl Hagelin.
16:53 of 3rd period - Stopped by Andrew Raycroft without a rebound.
16:54 of 3rd period - Colton Orr wins face-off versus Tyler Brenner in Atomiques zone.
16:57 of 3rd period - Slapshot by Jarret Stoll.
16:57 of 3rd period - Stopped by Andrew Raycroft without a rebound.
16:58 of 3rd period - Alexandre Daigle wins face-off versus Jarret Stoll in Atomiques zone.
17:40 of 3rd period - Wrist shot by Jarret Stoll.
17:40 of 3rd period - Stopped by Andrew Raycroft with a rebound.
17:42 of 3rd period - Slapshot by Travis Hamonic.
17:42 of 3rd period - Shot Blocked by Scott Jackson.
17:44 of 3rd period - Slapshot by Kevin Klein.
17:44 of 3rd period - Stopped by Andrew Raycroft without a rebound.
17:45 of 3rd period - Tyler Brenner wins face-off versus Patrik Berglund in Atomiques zone.
18:12 of 3rd period - Tommy Wingels is hit by Janne Niinimaa.
18:34 of 3rd period - Snap shot by Ryan Shannon.
18:34 of 3rd period - Goal by Ryan Shannon - Monarchs : 2 - Atomiques : 8.
18:35 of 3rd period - Martin Sonnenberg wins face-off versus Tyler Brenner in neutral zone.
18:43 of 3rd period - Off-side.
18:44 of 3rd period - Tyler Brenner wins face-off versus Patrik Berglund in neutral zone.
18:59 of 3rd period - Slapshot by Alexandre Daigle.
18:59 of 3rd period - Shot Misses the Net.
19:23 of 3rd period - Wrist shot by Martin Sonnenberg.
19:23 of 3rd period - Stopped by Andrew Raycroft with a rebound.
19:29 of 3rd period - Snap shot by Martin Sonnenberg.
19:29 of 3rd period - Shot Misses the Net.
19:34 of 3rd period - Minor Penalty to Alexandre Daigle for Interference.
19:35 of 3rd period - Colton Orr wins face-off versus Kenndal McArdle in Atomiques zone.
19:35 of 3rd period - Wrist shot by Jeff Tambellini.
19:35 of 3rd period - Shot Misses the Net.
19:37 of 3rd period - Snap shot by Jeff Tambellini.
19:37 of 3rd period - Shot Blocked by Janne Niinimaa.
19:39 of 3rd period - Slapshot by Slava Voynov.
19:39 of 3rd period - Shot Misses the Net.
19:53 of 3rd period - Mattias Ohlund is hit by Colton Orr and loses puck.
Goals for this period are 0 for Monarchs vs 4 for Atomiques.
Shots for this period are 10 for Monarchs vs 18 for Atomiques.
Output by the SimonT Hockey Simulator (STHS) for François Prévost -- Original Page W3C XHTML 1.0 Valid